 Dungeon Crawl Stone Soup version 0.24-a0-201-gf205589 (webtiles) character file.

Game seed: 10018422544715528304

207 Borgoz the Covered (level 6, -1/42 HPs)
             Began as a Halfling Fighter on Mar 24, 2019.
             Splashed by a jelly's acid (6 damage)
             ... on level 3 of the Dungeon.
             The game lasted 00:03:59 (2301 turns).

Borgoz the Covered (Halfling Fighter)               Turns: 2301, Time: 00:04:00

Health: -1/42      AC:  8    Str: 17    XL:     6   Next: 11%
Magic:  7/7        EV: 13    Int:  7    God:
Gold:   171        SH:  0    Dex: 15    Spells: 6/6 levels left

rFire    . . .     SeeInvis .   a - +1 rapier
rCold    + . .     Gourm    .   (shield restricted)
rNeg     . . .     Faith    .   q - +1 scale mail {rC+}
rPois    .         Spirit   .   (no helmet)
rElec    .         Reflect  .   (no cloak)
rCorr    .         Harm     .   (no gloves)
MR       .....                  (no boots)
Stlth    +.........             (no amulet)
HPRegen  0.14/turn              (no ring)
MPRegen  0.10/turn              (no ring)

@: no status effects
A: small, mutation resistance 1
a: no special abilities


You were on level 3 of the Dungeon.
You were not hungry.

You visited 1 branch of the dungeon, and saw 3 of its levels.

You collected 171 gold pieces.

Inventory:

Hand Weapons
 a - a +1 rapier (weapon)
Missiles
 g - 2 throwing nets (quivered)
Armour
 c - a +0 shield
 q - a +1 scale mail of cold resistance (worn)
Wands
 o - a wand of random effects (24)
Scrolls
 e - a scroll of identify
 h - 4 scrolls of remove curse
 i - a scroll of magic mapping {unknown}
 j - 2 scrolls of fear
 p - a scroll of teleportation {unknown}
Potions
 b - 2 potions of resistance {unknown}
 d - a potion of might
 l - a potion of cancellation
 m - a potion of flight
Comestibles
 f - 5 rations
 n - 5 chunks of flesh


   Skills:
 + Level 3.2 Fighting
 * Level 3.8 Short Blades
 + Level 1.4 Throwing
 * Level 4.3 Armour
 * Level 2.2 Dodging
 + Level 1.5 Stealth
 - Level 3.2 Shields
 + Level 0.8 Spellcasting


You had 6 spell levels left.
You didn't know any spells.
Your spell library was empty.

Dungeon Overview and Level Annotations

Branches:
Dungeon (3/15)

Altars:
Fedhas
Zin

Annotations:
D:3 1 runed translucent door, galech's ghost, amateur DsFi


Innate Abilities, Weirdness & Mutations

You are small and have problems with some larger weapons.
You are somewhat resistant to further mutation.


Message History

You are too injured to fight recklessly!
You feel better. The jelly hits you.
You are splashed with acid!
* * * LOW HITPOINT WARNING * * *
The orc priest hits you but does no damage.
You feel better. The jelly hits you.
You are splashed with acid!
* * * LOW HITPOINT WARNING * * *
The orc priest barely misses you.
You hit the orc priest.
The orc priest is almost dead.
The jelly closely misses you. The orc priest closely misses you.
You hit the orc priest.
You kill the orc priest!
You have reached level 6!
Your experience leads to an increase in your attributes!
Increase (S)trength, (I)ntelligence, or (D)exterity?
You feel agile. The jelly hits you.
* * * LOW HITPOINT WARNING * * *
You are splashed with acid.
You die...

#.........# #..#.=.#
.÷......#.###..#.≈.#
....>..........#.≈.#
...÷....#.###..#.≈.#
#.......#.###.)#W≈.#
#..............##+##
##.##......#.#.#...#
##.##....#.<.......#
.#.##..#>..#.#.#@#.#
..........##...J)#
≈..#..............
≈≈.#.#########.....
≈≈... ####.## ≈≈≈..
.# ≈≈≈.. .# ≈≈≈ ..
≈≈.


You could see a jelly and galech's ghost.

Vanquished Creatures
  An orc priest (D:3)
  4 adders
  8 gnolls (D:2)
  3 dart slugs
  4 leopard geckos
  2 orcs (D:3)
  A ball python (D:1)
  7 bats
  A giant cockroach (D:2)
  5 goblins
  8 hobgoblins
  2 quokkas
  3 frilled lizards
  5 kobolds
  4 rats
58 creatures vanquished.

Notes
Turn   | Place    | Note
-------+----------+-------------------------------------------
     0 | D:1      | Borgoz the Halfling Fighter began the quest for the Orb.
     0 | D:1      | Reached XP level 1. HP: 15/15 MP: 1/1
    53 | D:1      | Reached XP level 2. HP: 15/20 MP: 2/2
   649 | D:2      | Reached skill level 1 in Dodging
   649 | D:2      | Reached XP level 3. HP: 25/25 MP: 3/3
   660 | D:2      | Reached skill level 1 in Stealth
   660 | D:2      | Reached XP level 4. HP: 19/30 MP: 4/4
  1104 | D:2      | Reached skill level 1 in Throwing
  1176 | D:2      | Reached skill level 4 in Armour
  1176 | D:2      | Reached XP level 5. HP: 20/36 MP: 5/5
  1954 | D:2      | Found a glowing silver altar of Zin.
  2140 | D:3      | Found a blossoming altar of Fedhas.
  2289 | D:3      | Found a runed translucent door.
  2289 | D:3      | Noticed galech's ghost (amateur DsFi)
  2301 | D:3      | Reached XP level 6. HP: 7/42 MP: 7/7
  2301 | D:3      | Splashed by a jelly's acid

Levels and vault maps discovered:
D:1:      psy_arrival_spokes, layout_basic
D:2:      layout_loops_cross, marbit_many_paths, first_ration
D:3:      layout_loops_ring, fedhas_ov_isle_minmay, overflow_temple_1_default,
          ebering_ghost_reflecting_pool

Skill      XL: |  1  2  3  4  5 |
---------------+----------------+-----
Dodging        | 1 2 |  2.2
Short Blades   | 3 |  3.8
Stealth        | 1 |  1.5
Throwing       | 1 |  1.4
Fighting       | 3 |  3.2
Armour         | 4 |  4.3
Shields        | |  3.2
Spellcasting   | |  0.8

Action                   |  1- 3 |  4- 6 || total
-------------------------+-------+-------++-------
Melee: Rapier            |    47 |   126 ||   173
  Use: Scroll            |       |     7 ||     7
       Potion            |       |     3 ||     3
  Eat: Chunk             |       |     5 ||     5
Armor: Scale mail        |    18 |    33 ||    51
Dodge: Dodged            |    18 |    91 ||   109

Table legend:
 A = Non-vault XP
 B = Vault XP
 C = Vault XP percentage of total XP
 D = Non-vault monster count
 E = Vault monster count
 F = Vault count percentage of total count
                 A         B        C        D         E       F
            +---------+---------+-------+---------+---------+-------
      Total |     293 |       4 |   1.3 |      57 |       1 |   1.7
            +---------+---------+-------+---------+---------+-------
        D:1 |      26 |       0 |   0.0 |      14 |       0 |   0.0
        D:2 |     191 |       4 |   2.1 |      31 |       1 |   3.1
        D:3 |      76 |       0 |   0.0 |      12 |       0 |   0.0
            +---------+---------+-------+---------+---------+-------
